 Dungeon Crawl Stone Soup version 0.29-a0-284-gf9362112df (webtiles) character file.

Game seed: 12974417289154350340

36397 sammy202020 the Fighter (level 13, -27/108 HPs)
             Began as a Demonspawn Berserker on Mar 21, 2022.
             Was a High Priest of Trog.
             Killed from afar by a fire dragon (56 damage)
             ... with a blast of flame
             ... on level 14 of the Dungeon.
             The game lasted 00:40:28 (21216 turns).

sammy202020 the Fighter (Demonspawn Berserker)     Turns: 21216, Time: 00:40:29

Health: -27/108    AC: 28    Str: 19    XL:     13   Next: 52%
Magic:  13/13      EV:  9    Int: 11    God:    Trog [*****.]
Gold:   769        SH: 12    Dex: 14    Spells: 12/12 levels left

rFire   . . .      SeeInvis .   w - +12 flail "Gouh" {venom, rN+ Will+}
rCold   . . .      Faith    .   C - +1 buckler {rN+}
rNeg    + + .      Spirit   .   v - +1 plate armour
rPois   .          Reflect  +   I - +2 helmet
rElec   +          Harm     .   A - +2 cloak {Stlth+}
rCorr   .          Rampage  .   i - +0 pair of gloves
Will    ++++.                   (no boots)
Stlth   ..........              P - amulet of reflection
HPRegen 1.28/turn               J - +4 ring of slaying
MPRegen 0.13/turn               B - ring of willpower

@: strong-willed, regenerating
A: hooves 2, thin metallic scales 3, foul stench 1, powered by pain 3
a: Renounce Religion, Berserk, Trog's Hand, Brothers in Arms


You were on level 14 of the Dungeon.
You worshipped Trog.
Trog was extremely pleased with you.
You visited 1 branch of the dungeon, and saw 15 of its levels.

You collected 769 gold pieces.

Inventory:

Hand Weapons
 m - a +5 hand axe of flaming
 w - the +12 flail "Gouh" (weapon) {venom, rN+ Will+}
   (You found it on level 4 of the Dungeon)

   It poisons the flesh of those it strikes.
   rN:        It protects you from negative energy.
   Will:      It increases your willpower.
 H - a +1 shortbow of freezing
 N - a +1 demon whip of venom
Missiles
 l - 90 poisoned darts (quivered)
 n - 4 silver javelins
 p - 17 boomerangs
 q - a throwing net
 z - 8 curare-tipped darts
Armour
 i - a +0 pair of gloves (worn)
 j - a +2 robe of willpower
 v - a +1 plate armour (worn)
 A - a +2 cloak of stealth (worn)
 C - a +1 buckler of positive energy (worn)
 I - a +2 helmet (worn)
 T - +0 fire dragon scales
Jewellery
 s - a ring of ice
 t - a +6 ring of intelligence
 B - a ring of willpower (right hand)
 J - a +4 ring of slaying (left hand)
 P - an amulet of reflection (around neck)
Wands
 b - a wand of polymorph (5)
 y - a wand of charming (11)
 E - a wand of flame (16)
 O - a wand of iceblast (4)
 S - a wand of paralysis (4)
Scrolls
 d - 4 scrolls of identify
 e - 2 scrolls of fear
 f - a scroll of noise
 g - 2 scrolls of blinking
 h - 4 scrolls of vulnerability
 u - 3 scrolls of enchant weapon
 x - a scroll of summoning
 D - a scroll of fog
 G - 2 scrolls of silence
 K - a scroll of teleportation
Potions
 a - 2 potions of magic
 c - a potion of lignification
 k - a potion of brilliance
 o - 2 potions of cancellation
 r - 2 potions of ambrosia
 F - 2 potions of attraction
 L - a potion of invisibility
 M - 2 potions of mutation
 Q - a potion of heal wounds
Miscellaneous
 R - a lightning rod (4/4)


   Skills:
 * Level 12.0 Fighting
 * Level 11.1 Maces & Flails
 + Level 3.4 Throwing
 * Level 10.9 Armour
 + Level 7.7 Dodging
 * Level 8.1 Shields


You had 12 spell levels left.
You didn't know any spells.
Your spell library was empty.

Dungeon Overview and Level Annotations

Branches:
Dungeon (15/15)            Temple (0/1) D:6            Lair (0/6) D:11
    Orc (0/2) D:9          Vaults (0/5) D:13
 Depths: D:15

Altars:
Dithmenos

Annotations:
D:5 2 transporters


Innate Abilities, Weirdness & Mutations

You have hoof-like feet.
You are completely covered in thin metallic scales. (AC +4, rElec)
You may rarely emit foul miasma when damaged in melee.
You are powered by pain.


Message History

The vampire mosquito bites you.
The vampire mosquito closely misses you.
You block the vampire mosquito's attack.
The vampire mosquito completely misses you.
You bludgeon the vampire mosquito!! Your kick misses the vampire mosquito.
The vampire mosquito is almost destroyed.
You block the vampire mosquito's attack.
The vampire mosquito bites you but does no damage. x3
The vampire mosquito bites you!
The vampire mosquito draws strength from your injuries!
You block the vampire mosquito's attack. x2
You barely miss the vampire mosquito. You kick the vampire mosquito.
You destroy the vampire mosquito!
Trog accepts your kill.
The tengu warrior hits you but does no damage.
You block the tengu warrior's attack. The tengu warrior closely misses you.
The fire dragon bites you! You block the fire dragon's attack.
The fire dragon misses you.
There is a stone staircase leading up here.
You see here a vampire mosquito corpse.
The tengu warrior hits you with a +0 war axe!
* * * LOW HITPOINT WARNING * * *
The tengu warrior pecks you but does no damage.
You block the tengu warrior's attack.
You block the vampire mosquito's attack.
You block the fire dragon's attack. x2
The fire dragon tramples you but does no damage.
You climb upwards.
There is a stone staircase leading down here.
Your skin crawls.
You feel strong-willed.
You block the vampire mosquito's attack.
You block the tengu warrior's attack. The tengu warrior pecks you.
* * * LOW HITPOINT WARNING * * *
The tengu warrior claws you but does no damage.
You block the vampire mosquito's attack.
The fire dragon breathes flames at you. The blast of flame hits you!!!
Ouch! That really hurt!
You die...

#............#......
#............#......
#............#......
#.........(..'......
#............#......
#............#...##.
#............#...##.
#.Q..........#....#.
#.D@.........#....#.
#.y..........#....#.
#............#....#.
#............###'##.
#............#...##.
#............#......
#............#......
#............#......
#............#......


You could see a fire dragon (catching breath), a tengu warrior and a vampire
mosquito.

Vanquished Creatures
  Jorgrun (D:12)
  Frances (D:13)
  A fire dragon (D:15)
  A boulder beetle (D:14)
  5 centaur warriors
  A catoblepas (D:13)
  2 hydras
  2 dancing weapons (D:13)
  A tengu warrior (D:13)
  Nergalle (D:12)
  Amaemon (D:12)
  6 skeletal warriors
  A wizard (D:14)
  Pikel (D:7)
  2 deep elf pyromancers (D:13)
  A deep elf zephyrmancer (D:13)
  2 ugly things (D:13)
  6 cyclopes
  A manticore (D:14)
  Maurice (D:13)
  Joseph (D:8)
  An orange demon (D:12)
  A gargoyle (D:11)
  A kobold demonologist (D:11)
  2 komodo dragons
  A freezing wraith (D:14)
  5 trolls
  A queen bee (D:11)
  Prince Ribbit (D:8)
  A raiju (D:13)
  An air elemental (D:13)
  A water elemental (D:13)
  3 shadows
  3 wraiths
  A wyvern (D:11)
  15 yaks
  A basilisk (D:13)
  The ghost of horus123 the Ogre Mage, an amateur OgCj (D:3)
  A steam dragon (D:8)
  Grum (D:9)
  5 vampire mosquitoes
  Menkaure (D:5)
  2 water moccasins (D:7)
  An acid dragon (D:12)
  Duvessa (D:7)
  An ice beast (D:6)
  15 orc warriors
  4 wolves (D:9)
  2 ogres
  5 centaurs
  21 kobold brigands
  A bullfrog (D:7)
  2 gnoll sergeants
  A scorpion (D:7)
  2 necrophages
  12 wights (D:8)
  Dowan (D:7)
  19 killer bees
  2 electric eels (D:13)
  3 howler monkeys
  2 jellies
  14 orc priests
  4 hounds
  Jessica (D:2)
  An iguana (D:5)
  Terence (D:2)
  Natasha (twice) (D:3)
  12 orc wizards
  Robin (D:4)
  12 gnolls
  7 adders
  14 white imps
  An ufetubus (D:6)
  3 worms
  4 dart slugs
  46 orcs
  11 endoplasms
  3 giant cockroaches
  15 hobgoblins
  5 quokkas
  5 ball pythons
  9 bats
  3 frilled lizards
  13 goblins
  30 kobolds
  4 rats
405 creatures vanquished.

Vanquished Creatures (others)
  39 plants (D:11)
39 creatures vanquished.

Grand Total: 444 creatures vanquished

Notes
Turn   | Place    | Note
-------+----------+-------------------------------------------
     0 | D:1      | sammy202020 the Demonspawn Berserker began the quest for
                  | the Orb.
     0 | D:1      | Reached XP level 1. HP: 18/18 MP: 1/1
   317 | D:1      | Found a faded altar of an unknown god.
   524 | D:1      | Gained mutation: You sometimes gain a little power by
                  | taking damage. [demonic ancestry]
   524 | D:1      | Reached XP level 2. HP: 24/24 MP: 2/2
  1182 | D:2      | Reached XP level 3. HP: 27/29 MP: 3/3
  1264 | D:2      | Noticed Jessica
  1287 | D:2      | Killed Jessica
  1789 | D:2      | Reached ** piety under Trog
  1794 | D:2      | Noticed Terence
  1808 | D:2      | Gained mutation: You have large cloven feet. [demonic
                  | ancestry]
  1808 | D:2      | Reached XP level 4. HP: 9/37 MP: 4/4
  1810 | D:2      | Killed Terence
  3314 | D:3      | Found a runed translucent door.
  3320 | D:3      | Noticed horus123's ghost (amateur OgCj)
  3332 | D:3      | Killed horus123's ghost
  3333 | D:3      | Reached skill level 4 in Fighting
  3333 | D:3      | Gained mutation: You are partially covered in thin metallic
                  | scales. (AC +2) [demonic ancestry]
  3333 | D:3      | Reached XP level 5. HP: 43/43 MP: 5/5
  3333 | D:3      | Reached XP level 6. HP: 49/49 MP: 6/6
  3338 | D:3      | Found a runed translucent door.
  3366 | D:3      | Noticed Natasha
  3378 | D:3      | Killed Natasha
  3656 | D:3      | Noticed Natasha
  3672 | D:3      | Killed Natasha
  4058 | D:4      | Noticed Robin
  4093 | D:4      | Killed Robin
  4619 | D:4      | Identified the +12 flail "Gouh" {venom, rN+ Will+}
  4943 | D:4      | Reached *** piety under Trog
  5016 | D:5      | Entered Level 5 of the Dungeon
  5167 | D:5      | Gained mutation: You sometimes gain power by taking damage.
                  | [demonic ancestry]
  5167 | D:5      | Reached XP level 7. HP: 47/55 MP: 7/7
  5275 | D:5      | Reached skill level 5 in Fighting
  5343 | D:5      | Noticed Menkaure
  5352 | D:5      | Killed Menkaure
  5877 | D:5      | Reached skill level 5 in Maces & Flails
  5924 | D:5      | Found a transporter.
  5937 | D:5      | Found a transporter.
  6739 | D:6      | Gained mutation: You are powered by pain. [demonic
                  | ancestry]
  6739 | D:6      | Reached XP level 8. HP: 64/64 MP: 8/8
  6774 | D:6      | Found a staircase to the Ecumenical Temple.
  6840 | D:6      | Reached skill level 5 in Armour
  7026 | D:6      | Reached skill level 6 in Fighting
  7503 | D:7      | Noticed Dowan
  7507 | D:7      | Reached **** piety under Trog
  7515 | D:7      | Killed Dowan
  7563 | D:7      | Noticed Pikel
  7570 | D:7      | Killed Pikel
  7577 | D:7      | Noticed Duvessa
  7583 | D:7      | Killed Duvessa
  7584 | D:7      | Reached skill level 7 in Fighting
  7584 | D:7      | Gained mutation: You have hoof-like feet. [demonic
                  | ancestry]
  7584 | D:7      | Reached XP level 9. HP: 53/72 MP: 9/9
  8841 | D:8      | Noticed Prince Ribbit
  8856 | D:8      | Killed Prince Ribbit
  9239 | D:8      | Reached skill level 8 in Fighting
  9242 | D:8      | Reached skill level 5 in Dodging
  9749 | D:8      | Reached skill level 1 in Shields
  9750 | D:8      | Reached ***** piety under Trog
  9751 | D:8      | Gained mutation: You are mostly covered in thin metallic
                  | scales. (AC +3) [demonic ancestry]
  9751 | D:8      | Reached XP level 10. HP: 57/80 MP: 10/10
 10302 | D:8      | Noticed Joseph
 10314 | D:8      | Killed Joseph
 10755 | D:9      | Noticed Grum
 10769 | D:9      | Killed Grum
 10962 | D:9      | Reached skill level 9 in Fighting
 11202 | D:9      | Found a staircase to the Orcish Mines.
 11891 | D:9      | Noticed an ogre mage
 11977 | D:9      | Found a shadowy altar of Dithmenos.
 12107 | D:10     | Entered Level 10 of the Dungeon
 12348 | D:11     | Noticed a cyclops
 12352 | D:11     | Reached XP level 11. HP: 83/89 MP: 11/11
 12798 | D:11     | Noticed a five-headed hydra
 12809 | D:11     | Killed a one-headed hydra
 13361 | D:10     | Received a gift from Trog
 13705 | D:11     | Found a staircase to the Lair.
 13776 | D:11     | Reached skill level 5 in Shields
 13779 | D:11     | Reached skill level 10 in Fighting
 14745 | D:12     | Noticed Jorgrun
 14754 | D:12     | Killed Jorgrun
 14755 | D:12     | Gained mutation: You may rarely emit foul miasma when
                  | damaged in melee. [demonic ancestry]
 14755 | D:12     | Reached XP level 12. HP: 64/98 MP: 12/12
 15016 | D:12     | Noticed Nergalle
 15027 | D:12     | Killed Nergalle
 15803 | D:12     | Noticed Amaemon
 15823 | D:12     | Killed Amaemon
 16236 | D:12     | Reached skill level 10 in Maces & Flails
 16236 | D:12     | Reached skill level 1 in Throwing
 16258 | D:11     | HP: 1/99 [skeletal warrior/+0 trident[a skeletal warrior]
                  | (15)]
 16845 | D:13     | Noticed a tengu warrior
 16850 | D:13     | Reached skill level 11 in Fighting
 16856 | D:13     | Killed a tengu warrior
 16950 | D:13     | Noticed a catoblepas
 16960 | D:13     | Killed a catoblepas
 16978 | D:13     | Reached skill level 10 in Armour
 17310 | D:13     | Paralysed by an air elemental for 1 turns
 17315 | D:13     | Paralysed by an air elemental for 1 turns
 17318 | D:13     | Paralysed by an air elemental for 1 turns
 17321 | D:13     | Paralysed by an air elemental for 1 turns
 17325 | D:13     | Paralysed by an air elemental for 1 turns
 18411 | D:13     | Noticed Frances
 18424 | D:13     | Killed Frances
 18598 | D:13     | Noticed a centaur warrior
 18727 | D:13     | Gained mutation: You are completely covered in thin
                  | metallic scales. (AC +4, rElec) [demonic ancestry]
 18727 | D:13     | Reached XP level 13. HP: 91/106 MP: 13/13
 18928 | D:13     | Noticed Maurice
 18979 | D:13     | Killed Maurice
 18979 | D:13     | Received a gift from Trog
 19240 | D:13     | Found a gate to the Vaults.
 20706 | D:14     | Reached skill level 12 in Fighting
 21196 | D:15     | Entered Level 15 of the Dungeon
 21196 | D:15     | Noticed a fire dragon
 21201 | D:15     | Killed a fire dragon
 21205 | D:15     | Noticed a fire dragon
 21216 | D:14     | Killed from afar by a fire dragon

Illustrated notes

Levels and vault maps discovered:
D:1:      amcnicky_arrival_blooded_trapdoor, layout_basic,
          shapermc_ecumenical_altar_rom_forum, minmay_bisected
D:2:      layout_basic, uniq_jessica, uniq_terence
D:3:      layout_basic, ebering_ghost_sewer_f, uniq_natasha
D:4:      layout_gridville, kennysheep_generic_room_4, uniq_robin
D:5:      gammafunk_steamed_eel, layout_basic, uniq_menkaure
D:6:      layout_gridville, minmay_temple_entry_antechambers
D:7:      layout_basic, uniq_duvessa, uniq_pikel
D:8:      layout_layer_cave, chequers_garden, minmay_misc_feat_ornament,
          uniq_prince_ribbit1, uniq_joseph
D:9:      hellmonk_warped_wall, layout_irregular_city,
          nicolae_dithmenos_through_a_glass_darkly, david_orc_4,
          chequers_mini_garden, wad_dig_loot, uniq_grum
D:10:     layout_basic, corexii_leaking_fountain
D:11:     layout_roguey [special_room_kobold], david_lair_shrubbed, special_room
          [special_room_bee]
D:12:     layout_roguey [special_room_orc], uniq_nergalle, uniq_jorgrun,
          uniq_amaemon
D:13:     layout_basic, erik_vaults_1, portal_ice_cave_entry_imps,
          dilly_guarded_unrand_elemental_staff, uniq_frances, uniq_maurice
D:14:     layout_gridville
D:15:     grunt_enter_depths_snipers, layout_rooms,
          nicolae_uskayaw_murder_on_the_dancefloor, uniq_roxanne

Skill      XL: |  1  2  3  4  5  6  7  8  9 10 11 12 13 |
---------------+----------------------------------------+-----
Armour         | 2 3 4 6 7 8 9 10 | 10.9
Maces & Flails | 3 4 5 6 7 8 9 10 11 | 11.1
Dodging        | 2 3 4 5 6 7 |  7.7
Fighting       | 4 5 7 8 9 10 11 12 | 12.0
Shields        | 1 3 5 7 8 |  8.1
Throwing       | 2 3 |  3.4

Action                   |  1- 3 |  4- 6 |  7- 9 | 10-12 | 13-15 || total
-------------------------+-------+-------+-------+-------+-------++-------
Melee: Mace              |    30 |       |       |       |       ||    30
       Whip              |    65 |       |       |       |       ||    65
       Club              |    26 |   130 |       |       |       ||   156
       Kick              |       |    30 |    47 |   191 |    47 ||   315
       Flail             |       |    18 |   214 |   521 |    93 ||   846
       Punch             |       |     2 |     3 |       |       ||     5
       Hand axe          |       |       |       |     9 |     6 ||    15
Throw: Dart              |       |       |       |    33 |    21 ||    54
Invok: Berserk           |     1 |     5 |     2 |     7 |     3 ||    18
       Trog's Hand       |       |     3 |     1 |    11 |     4 ||    19
  Use: Scroll            |       |       |    18 |     7 |     3 ||    28
       Potion            |       |       |       |     4 |     3 ||     7
 Stab: Distracted        |       |     1 |       |       |       ||     1
Armor: Animal skin       |     3 |       |       |       |       ||     3
       Scale mail        |    29 |    56 |       |       |       ||    85
       Leather armour    |     1 |       |       |       |       ||     1
       Plate armour      |       |     8 |   124 |   346 |   103 ||   581
Dodge: Dodged            |    57 |    83 |    64 |   216 |    56 ||   476
Block: Buckler           |       |       |     7 |   177 |    80 ||   264
       Reflection        |       |       |       |       |     6 ||     6

Table legend: (Time is in decaauts)
 A = Elapsed time spent in this place.
 B = Non-inter-level travel time spent in this place.
 C = Inter-level travel time spent in this place.
 D = Time resting spent in this place.
 E = Time spent auto-exploring this place.
 F = Levels seen in this place.
 G = Mean time per level.
                   A        B        C        D        E       F      G
               +--------+--------+--------+--------+--------+-----+--------+
         Total |  21461 |  21437 |     24 |   4015 |  13735 |  15 | 1430.7 |
       Dungeon |  21461 |  21437 |     24 |   4015 |  13735 |  15 | 1430.7 |
               +--------+--------+--------+--------+--------+-----+--------+

Top non-repeatable levels by time:
    D:13: 2869 daAuts
     D:8: 2464 daAuts
    D:11: 2441 daAuts
     D:2: 1826 daAuts
    D:12: 1756 daAuts
     D:5: 1522 daAuts
    D:14: 1506 daAuts
     D:9: 1379 daAuts
     D:1: 1180 daAuts
     D:4: 1101 daAuts
     D:3: 1016 daAuts
     D:7: 914 daAuts
     D:6: 858 daAuts
    D:10: 607 daAuts
    D:15: 17 daAuts
